 Dungeon Crawl Stone Soup version 0.19-a0-1908-g43c011f (webtiles) character file.

836 Psiweapon the Sneak (level 7, 0/43 HPs)
             Began as an Octopode Transmuter on Oct 22, 2016.
             Was a Believer of Cheibriados.
             Shot with an arrow by a centaur (7 damage)
             ... on level 6 of the Dungeon.
             The game lasted 00:16:52 (4812 turns).

Psiweapon the Sneak (Octopode Transmuter)           Turns: 4812, Time: 00:16:53

Health: 0/43       AC:  1    Str: 14    XL:     7   Next: 99%
Magic:  13/13      EV: 14    Int: 19    God:    Cheibriados [**....]
Gold:   57         SH:  0    Dex: 18    Spells: 3 memorised, 11 levels left

rFire  . . .     SeeInvis .       - Unarmed
rCold  . . .     Gourm    .     (no shield)
rNeg   . . .     Faith    .     (helmet restricted)
rPois  .         Spirit   .     (no amulet)
rElec  .         Reflect  .     (no ring)
rCorr  .         Harm     .     (no ring)
MR     +....                    (no ring)
Stlth  ++++......               (no ring)
                                (no ring)
                                (no ring)
                                (no ring)
                                (no ring)

@: very slow
A: almost no armour, stealthy swim, amphibious, 8 rings, constrict 8, camouflage
1, magic resistance 1, wild magic 1, gelatinous body 1
a: Bend Time, Renounce Religion


You were on level 6 of the Dungeon.
You worshipped Cheibriados.
Cheibriados was pleased with you.
You were hungry.

You visited 1 branch of the dungeon, and saw 6 of its levels.

You collected 262 gold pieces.
You spent 205 gold pieces at shops.

Inventory:

Hand Weapons
 q - a +0 club
 x - a +2 whip of freezing
Missiles
 a - 56 arrows
 e - 13 bolts
 s - 10 tomahawks (quivered)
 t - 20 sling bullets
Wands
 y - a wand of flame (29/48)
Scrolls
 f - a scroll of fog {unknown}
 j - 4 scrolls of magic mapping
 k - 2 scrolls of teleportation
 l - a scroll of recharging {unknown}
 p - 4 scrolls of remove curse
 v - a scroll of enchant armour {unknown}
Potions
 d - 2 potions of curing
 g - 2 potions of brilliance {unknown}
 h - a potion of flight {unknown}
 i - a potion of berserk rage {unknown}
 n - 2 potions of cancellation
 r - a potion of lignification
 w - a potion of cure mutation
Books
 b - a book of Changes

   Spells                             Type                      Level
   a - Beastly Appendage              Transmutation                1
   b - Sticks to Snakes               Transmutation                2
   c - Spider Form                    Transmutation/Poison         3
   d - Ice Form                       Ice/Transmutation            4
   e - Blade Hands                    Transmutation                5
 u - a book of Cantrips

   Spells                             Type                      Level
   a - Confusing Touch                Hexes                        1
   b - Animate Skeleton               Necromancy                   1
   c - Summon Small Mammal            Summoning                    1
   d - Apportation                    Translocation                1
Comestibles
 c - 3 bread rations
 m - 3 fruits
 o - 2 meat rations
 z - 4 chunks of flesh
 A - a beef jerky


   Skills:
 + Level 1.5 Fighting
 + Level 1.4 Throwing
 + Level 2.8 Dodging
 + Level 5.5 Stealth
 + Level 5.1 Unarmed Combat
 + Level 4.1 Spellcasting
 + Level 2.4 Hexes
 + Level 3.2 Transmutations


You had 11 spell levels left.
You knew the following spells:

 Your Spells              Type           Power        Failure   Level  Hunger
a - Beastly Appendage     Tmut           ###...       8%          1    None
b - Confusing Touch       Hex            ###...       10%         1    None
c - Animate Skeleton      Necr           N/A          21%         1    None


Dungeon Overview and Level Annotations

Branches:
Dungeon (6/15)
 Temple: D:4-7

Altars:
Cheibriados
Kikubaaqudgha
Trog
Yredelemnul
The Shining One

Shops:
D:4 *

Annotations:
D:2 exclusion: downstairs
D:3 Duralumin's ghost, amateur HaHu


Innate Abilities, Weirdness & Mutations

You cannot wear most types of armour.
You are very stealthy in the water. (Stealth+)
You are amphibious.
You can wear up to eight rings at the same time.
You can use your tentacles to constrict eight enemies at once.
Your skin changes colour to match your surroundings (Stealth+).
Your rubbery body absorbs attacks. (AC +1, EV +1)
You are resistant to hostile enchantments. (MR+)
Your spells are a little harder to cast, but a little more powerful.


Message History

Your transformation is almost over.
s - 10 tomahawks (gained 1)
Found a stone staircase leading down.
There is a stone staircase leading down here.
You climb downwards.
Found a beef jerky.
There is a stone staircase leading up here.
Your tentacle spike disappears.
A centaur comes into view.
You see here a beef jerky.
A - a beef jerky The centaur shouts!
The centaur wields a shortbow.
The centaur shoots an arrow.
The arrow hits you!
The centaur shoots an arrow.
The arrow barely misses you.
You see here an arrow.
The centaur shoots an arrow.
The arrow hits you!
* * * LOW HITPOINT WARNING * * *
You see here an arrow.
The centaur shoots an arrow.
The arrow hits you!
You die...

############
##..........#
#.@..........
#..((....c...
##...........
#............
##...........
##..........
####.......
###.... ###.


You could see a centaur.

Vanquished Creatures
  The ghost of Deemzul the Insei, an amateur OpMo (D:4)
  2 phantoms (D:4)
  An ogre (D:5)
  A water moccasin zombie (D:5)
  2 scorpions
  An orc priest (D:4)
  An orc wizard (D:4)
  Ijyb (D:3)
  A worker ant (D:4)
  A hound skeleton (D:4)
  3 gnolls (D:3)
  6 adders
  2 oozes
  3 adder skeletons
  3 worms
  3 leopard geckos
  6 orcs (D:4)
  A ball python (D:4)
  7 bats
  6 giant cockroaches
  6 goblins
  4 hobgoblins
  8 jackals
  4 quokkas
  8 frilled lizards
  5 kobolds
  A leopard gecko zombie (D:5)
  6 rats
94 creatures vanquished.

Notes
Turn   | Place    | Note
-------+----------+-------------------------------------------
     0 | D:1      | Psiweapon the Octopode Transmuter began the quest for the Orb.
     0 | D:1      | Reached XP level 1. HP: 13/13 MP: 3/3
   210 | D:2      | Reached XP level 2. HP: 3/18 MP: 3/5
   744 | D:1      | Reached XP level 3. HP: 23/23 MP: 4/6
  1785 | D:2      | Found an ancient bone altar of Kikubaaqudgha.
  1834 | D:3      | Reached skill level 1 in Stealth
  1834 | D:3      | Reached XP level 4. HP: 13/28 MP: 7/7
  1835 | D:3      | Noticed Duralumin's ghost (amateur HaHu)
  2077 | D:2      | Found a snail-covered altar of Cheibriados.
  2095 | D:2      | Became a worshipper of Cheibriados the Contemplative
  2213 | D:2      | Learned a level 1 spell: Confusing Touch
  2215 | D:2      | Learned a level 1 spell: Animate Skeleton
  2434 | D:2      | Found a glowing golden altar of the Shining One.
  2672 | D:3      | Noticed Ijyb
  2702 | D:3      | Killed Ijyb
  2702 | D:3      | Reached XP level 5. HP: 28/33 MP: 5/9
  2845 | D:3      | Reached skill level 1 in Hexes
  2981 | D:5      | Entered Level 5 of the Dungeon
  3101 | D:3      | Reached * piety under Cheibriados
  3390 | D:4      | Noticed Deemzul's ghost (amateur OpMo)
  3425 | D:4      | Killed Deemzul's ghost
  3425 | D:4      | Reached XP level 6. HP: 27/38 MP: 7/10
  3576 | D:4      | Found Inu Belu's General Store.
  3584 | D:4      | Bought a scroll of identify for 20 gold pieces
  3584 | D:4      | Bought a wand of flame (29/48) for 155 gold pieces
  3584 | D:4      | Bought a scroll of remove curse for 30 gold pieces
  3608 | D:4      | Gained mutation: You are resistant to hostile enchantments. (MR+) [potion of beneficial mutation]
  3609 | D:4      | Gained mutation: Your spells are a little harder to cast, but a little more powerful. [potion of beneficial mutation]
  3653 | D:4      | Noticed a phantom
  3669 | D:4      | Killed a phantom
  3669 | D:4      | Reached XP level 7. HP: 34/43 MP: 12/12
  3764 | D:4      | Found a bloodstained altar of Trog.
  3764 | D:4      | Found a basalt altar of Yredelemnul.
  4373 | D:4      | Reached skill level 1 in Throwing
  4377 | D:4      | Reached skill level 5 in Stealth
  4611 | D:5      | Reached ** piety under Cheibriados
  4750 | D:5      | Reached skill level 5 in Unarmed Combat
  4812 | D:6      | Shot with an arrow by a centaur

Vault maps used:
D:1:      scummos_arrival_simple_fountains, minmay_misc_feat_enclosed
D:2:      nicolae_tso_swordbearing_angel, lemuel_doored_altar,
          kiku_gazebo_garden_becter, feat_on_display
D:3:      uniq_iyjb
D:4:      gammafunk_temple_overflow_wave, first_bread, serial_shops,
          nicolae_shop_crystal
D:5:      nicolae_overflow_crystal_walls
D:6:      lemuel_crystal_altar, tgw_kikubaaqudgha

Skill      XL: |  1  2  3  4  5  6  7 |
---------------+----------------------+-----
Stealth        | 1 3 4 5 |  5.5
Unarmed Combat | 4 5 |  5.1
Hexes          | 1 2 |  2.4
Spellcasting   | 3 4 |  4.1
Throwing       | 1 |  1.4
Transmutations | 3 |  3.2
Fighting       | |  1.5
Dodging        | |  2.8

Action                   |  1- 3 |  4- 6 |  7- 9 || total
-------------------------+-------+-------+-------++-------
Melee: Unarmed           |    89 |   138 |    73 ||   300
       Kick              |    21 |    42 |    24 ||    87
       Tentacles         |    13 |    45 |    18 ||    76
       Constrict         |    22 |    33 |    12 ||    67
       Punch             |     2 |     3 |     9 ||    14
Throw: Tomahawk          |       |    10 |    28 ||    38
 Cast: Beastly Appendage |    21 |    19 |    11 ||    51
       Confusing Touch   |       |    18 |    10 ||    28
  Use: Scroll            |       |     7 |       ||     7
       Potion            |       |     2 |     1 ||     3
 Stab: Sleeping          |     5 |     7 |     4 ||    16
       Confused          |       |    14 |     8 ||    22
  Eat: Chunk             |     3 |     6 |     1 ||    10
Armor: Skin              |     8 |     6 |     1 ||    15
Dodge: Dodged            |    57 |    58 |    24 ||   139
